Map: Thunderbird LE

Players

llllllllllll (Oliveira) - Winner!

  • Race: Terran Terran
  • League: Master
  • Spawn Location: 11:00

Serral

  • Race: Zerg Zerg
  • League: Grandmaster
  • Spawn Location: 5:00

Event: 2019 Assembly Summer

VOD

https://www.bilibili.com/video/BV1kt411T7eA/?p=2&t=18m19s

Description

Time

  • Played on: Aug. 3, 2019, 8:51 a.m.
  • Length: 6:19

All games in this series

Show
View Real Time Build Order
Export as new Build Order

llllllllllll Terran - Winner!

Build Orders: Reaper Expand 

Get SALT Encoding   

  12  0:00  SCV  
  13  0:13  SCV  
  14  0:17  Supply Depot  
  14  0:25  SCV  
  15  0:38  SCV  
  15  0:39  Barracks  
  16  0:43  Refinery  
  16  0:50  SCV  
  17  1:03  SCV  
  18  1:15  SCV  
  19  1:27  Reaper, Orbital Command  
  20  1:39  Command Center  
  20  1:51  Supply Depot  
  20  1:53  SCV  
  21  1:59  Marine  
  22  2:05  SCV  
  22  2:07  Factory  
  23  2:17  SCV  
  23  2:18  Barracks  
  23  2:20  Marine  
  25  2:29  SCV  
  26  2:40  Barracks Reactor  
  26  2:41  SCV  
  27  2:49  Command Center  
  27  2:57  Orbital Command  
  27  2:59  SCV  
  28  3:06  Hellion  
  28  3:08  Barracks Reactor  
  28  3:11  SCV  
  31  3:23  SCV x2  
  33  3:30  Factory Tech Lab  
  33  3:35  SCV  
  33  3:36  Hellion, Barracks Tech Lab, SCV  
  33  3:37  Hellion  
  39  3:45  Marine x2  
  39  3:47  SCV  
  39  3:48  SCV  
  43  3:55  Stimpack  
  43  3:56  Marine  
  43  3:58  Hellion  
  43  4:01  Hellion  
  43  4:02  SCV x2, Orbital Command  
  50  4:05  Marine  
  50  4:06  Marine  
  50  4:07  Refinery  
  52  4:11  Refinery  
  52  4:12  Supply Depot  
  52  4:14  Marine, SCV  
  54  4:17  SCV  
  54  4:22  Marine  
  54  4:23  Starport  
  56  4:25  Marine  
  56  4:26  SCV  
  56  4:28  Orbital Command  
  56  4:30  SCV  
  59  4:31  Marine  
  59  4:36  Supply Depot  
  60  4:38  SCV  
  60  4:40  Marine  
  60  4:42  SCV  
  60  4:45  Marine  
  64  4:49  Marine  
  64  4:51  SCV  
  66  4:55  SCV  
  66  4:57  SCV  
  66  4:58  Supply Depot x2, Marine  
  66  4:59  Medivac  
  71  5:00  Medivac  
  71  5:02  Armory  
  71  5:04  SCV  
  71  5:05  Marine  
  71  5:06  Refinery  
  75  5:07  Marine  
  75  5:11  SCV  
  77  5:19  Marine  
  77  5:20  SCV x2  
  80  5:21  Supply Depot  
  80  5:23  Marine, Engineering Bay, SCV  
  80  5:25  Engineering Bay  
  80  5:26  Marine  
  80  5:28  Factory Reactor  
  83  5:32  SCV  
  84  5:36  SCV x2  
  84  5:37  Marine  
  84  5:41  Marine  
  88  5:44  SCV  
  88  5:46  Supply Depot  
  88  5:48  SCV x2  
  91  5:52  Marine  
  91  5:56  SCV  
Show
View Real Time Build Order
Export as new Build Order

Serral Zerg 

Build Orders: Hatch First 

Get SALT Encoding   

  12  0:00  Drone  
  13  0:12  Overlord  
  13  0:16  Drone  
  14  0:30  Drone x2  
  16  0:47  Hatchery  
  15  0:51  Drone  
  15  0:54  Drone  
  17  0:57  Drone  
  18  1:08  Extractor  
  17  1:13  Spawning Pool  
  17  1:15  Drone  
  17  1:19  Drone  
  18  1:28  Drone  
  19  1:38  Drone  
  20  1:54  Overlord  
  20  1:59  Queen  
  20  2:00  Zergling x4  
  20  2:01  Queen  
  26  2:12  Metabolic Boost  
  26  2:13  Drone x2  
  28  2:20  Drone  
  28  2:21  Drone  
  30  2:35  Hatchery  
  28  2:41  Queen  
  30  2:45  Drone  
  30  2:46  Drone  
  30  2:50  Overlord  
  32  2:53  Zergling x2  
  32  2:56  Drone  
  34  2:59  Drone  
  35  3:10  Drone x2  
  37  3:15  Zergling x8  
  41  3:20  Queen  
  41  3:22  Overlord  
  41  3:25  Zergling x2  
  44  3:39  Overlord  
  44  3:41  Drone x4  
  44  3:45  Drone  
  44  3:46  Queen  
  44  3:47  Drone x2  
  53  3:50  Drone x2  
  55  3:57  Drone x2  
  55  4:00  Queen  
  58  4:06  Baneling Nest  
  58  4:08  Drone x2  
  59  4:10  Drone  
  59  4:12  Overlord  
  60  4:18  Drone x3  
  60  4:21  Zergling x4  
  60  4:22  Overlord  
  65  4:27  Overlord  
  65  4:30  Lair  
  65  4:32  Overlord  
  65  4:37  Drone  
  66  4:38  Drone  
  66  4:39  Drone  
  66  4:40  Drone  
  66  4:45  Drone x3, Queen  
  74  4:47  Drone  
  74  4:50  Drone x2  
  77  4:54  Extractor  
  77  4:55  Drone x3, Extractor  
  77  4:56  Drone  
  77  4:58  Drone  
  80  5:05  Spore Crawler x2, Drone  
  79  5:07  Drone  
  79  5:08  Evolution Chamber x2  
  79  5:10  Drone x3  
  81  5:15  Drone x3  
  81  5:16  Extractor  
  81  5:18  Extractor  
  82  5:24  Drone  
  82  5:26  Drone x3  
  82  5:28  Zergling x8  
  90  5:38  Hatchery  
  90  5:40  Zergling x6  
  92  5:49  Overlord  
  92  5:55  Zergling x10  
  97  5:59  Baneling x2  
Tags
 
Add a new tag
Caveats
  • Supply blocks, unpowered buildings, or Contaminate may cause inaccurate times.
  • Supply counts are checked every 10 seconds.